 Dungeon Crawl Stone Soup version 0.30-a0-141-g30f27751c5 (webtiles) character file.

Game seed: 3697402644522708117

310 qw the Chopper (level 6, -3/38 HPs)
             Began as a Gargoyle Fighter on Sept 25, 2022.
             Slain by an orc
             ... wielding a +1 short sword of freezing
              (5 damage)
             ... on level 4 of the Dungeon.
             The game lasted 00:01:05 (3029 turns).

qw the Chopper (Gargoyle Fighter)                   Turns: 3029, Time: 00:01:06

Health: -3/38      AC: 19    Str: 21    XL:     6   Next: 41%
Magic:  6/6        EV:  5    Int:  9    God:
Gold:   249        SH:  4    Dex:  9    Spells: 5/5 levels left

rFire   . . .      SeeInvis .    Y - +1 war axe
rCold   . . .      Faith    .    c - +0 buckler
rNeg    + . .      Spirit   .    m - +0 plate armour
rPois   inf        Reflect  .    i - +0 helmet
rElec   +          Harm     .    (no cloak)
rCorr   +          Rampage  .    l - +1 pair of gloves
Will    .....                    (no boots)
Stlth   ..........               (no amulet)
HPRegen 0.12/turn                j - ring of resist corrosion
MPRegen 0.10/turn                (no ring)

@: no status effects
A: sickness immunity, AC +4, negative energy resistance 1, electricity
resistance, torment resistance 1, petrification resistance
a: no special abilities


You were on level 4 of the Dungeon.
You visited 1 branch of the dungeon, and saw 4 of its levels.

You collected 249 gold pieces.


Innate Abilities, Weirdness & Mutations

You are immune to sickness and miasma.
Your stone body is resilient. (AC +4)
You are immune to poison.
You resist negative energy. (rN+)
You are resistant to electric shocks. (rElec)
You are resistant to unholy torment.
You are immune to petrification.


   Skills:
 - Level 4.0 Fighting
 + Level 5.6 Axes
 - Level 3.2 Armour
 - Level 3.2 Shields


You had 5 spell levels left.
You didn't know any spells.
Your spell library was empty.

Inventory:

Hand Weapons
 g - a +0 whip
 Y - a +1 war axe (weapon)
Missiles
 b - 2 boomerangs (quivered)
Armour
 c - a +0 buckler (worn)
 i - a +0 helmet (worn)
 l - a +1 pair of gloves (worn)
 m - a +0 plate armour (worn)
Jewellery
 j - a ring of resist corrosion (left hand)
Scrolls
 o - a scroll of identify
Potions
 a - a potion of attraction
 d - 2 potions of might
 n - a potion of cancellation

Dungeon Overview and Level Annotations

Branches:
Dungeon (4/15)
 Temple: D:4-7

Altars:
Fedhas
Qazlal

Shops:
D:3 (


Message History

You miss something. You hit the orc priest.
Something hits you but does no damage.
The orc priest invokes the aid of Beogh against you.
Pain shoots through your body!
You hit the orc priest.
The orc priest is heavily wounded.
You closely miss the orc. You slash something!
Reactivating autopickup.
You feel a bit more experienced. The orc hits you but does no damage.
The orc priest hits you but does no damage.
You barely miss the orc priest.
The orc priest is heavily wounded.
You barely miss the orc. The orc barely misses you.
The orc priest hits you but does no damage.
You completely miss the orc priest.
The orc priest is heavily wounded.
You completely miss the orc. The orc hits you but does no damage.
The orc priest calls down the wrath of Beogh upon you.
Beogh smites you!
The orc priest hits you but does no damage.
The orc barely misses you.
You completely miss the orc priest.
The orc priest is heavily wounded.
You hit the orc but do no damage. The orc hits you but does no damage.
The orc priest barely misses you.
You hit the orc priest but do no damage.
The orc priest is heavily wounded.
You closely miss the orc. The orc hits you but does no damage.
The orc priest hits you but does no damage.
You hit the orc priest.
The orc priest is heavily wounded.
You hit the orc. The orc barely misses you.
The orc priest hits you but does no damage.
The orc hits you with a +1 short sword of freezing.
You die...

#....>.........).
#####.#......#...
######## #.......[#...
#......###..........%.
#......'...########.).
#......#########......
#......# .........#...
#......# ####..#...
#...o@)# #.)...#...
#...o))# #.###.....
#........ #<# ###...
#......### ### #...
#....... #...
#........ #...
#........ #...
#......... #... ...


You could see an orc priest and an orc.

Vanquished Creatures
  An ogre (D:4)
  A necrophage (D:4)
  A scorpion (D:4)
  An orc wizard (D:4)
  2 adders (D:4)
  A worm (D:3)
  A dart slug (D:2)
  2 orcs (D:4)
  6 bats
  7 endoplasms
  2 giant cockroaches (D:1)
  5 goblins
  4 hobgoblins
  3 kobolds
  4 quokkas
  8 ball pythons
  6 frilled lizards
  2 rats
57 creatures vanquished.

Notes
Turn   | Place    | Note
-------+----------+-------------------------------------------
     0 | D:1      | qw the Gargoyle Fighter began the quest for the Orb.
     0 | D:1      | Reached XP level 1. HP: 14/14 MP: 1/1
     0 | D:1      | 0 ||| qw: Version: 0.2-a-9-g4872b50
     0 | D:1      | 0 ||| qw: Game counter: 81
     0 | D:1      | 0 ||| qw: Always use a shield: true
     0 | D:1      | 0 ||| qw: God list: Okawaru
     0 | D:1      | 0 ||| qw: Allow faded altars: false
     0 | D:1      | 0 ||| qw: Do Orc after D:15 true
     0 | D:1      | 0 ||| qw: Do second Lair branch before Depths: true
     0 | D:1      | 0 ||| qw: Lair rune preference: random
     0 | D:1      | 0 ||| qw: Plans: Normal, Zot:1-4, God:TSO, Crypt, Tomb,
                  | Pan, Slime:5, Hells, Abyss, Orb
     0 | D:1      | 0 ||| PLANNING D:1-11
    28 | D:1      | Reached skill level 2 in Axes
   293 | D:1      | Reached XP level 2. HP: 19/19 MP: 2/2
   328 | D:1      | 328 ||| DROPPING +0 club.
   601 | D:1      | Reached skill level 3 in Axes
   738 | D:1      | Reached XP level 3. HP: 23/23 MP: 3/3
   773 | D:1      | Found a faded altar of an unknown god.
   870 | D:1      | 870 ||| UPGRADING to +0 helmet.
   875 | D:1      | 875 ||| UPGRADING to +1 pair of gloves.
   880 | D:1      | 880 ||| UPGRADING to ring of resist corrosion.
   881 | D:1      | 881 ||| READING scroll labelled LEQO LEUGOPS.
   882 | D:1      | 882 ||| READING scroll labelled QURAVO KOXUS.
  1019 | D:2      | Found a stormy altar of Qazlal.
  1047 | D:2      | 1047 ||| Stepping ~*~*~tactically~*~*~ (stealth).
  1049 | D:2      | 1049 ||| Stepping ~*~*~tactically~*~*~ (stealth).
  1050 | D:2      | 1050 ||| Stepping ~*~*~tactically~*~*~ (stealth).
  1722 | D:2      | 1722 ||| UPGRADING to +0 plate armour.
  1732 | D:2      | 1732 ||| DROPPING +0 scale mail.
  1733 | D:2      | 1733 ||| READING scroll labelled ROEKHL PYPOILLITS.
  1737 | D:2      | 1737 ||| READING scroll labelled YHAF XIUSUL.
  1950 | D:3      | 1950 ||| Stepping ~*~*~tactically~*~*~ (hiding).
  1952 | D:3      | 1952 ||| Stepping ~*~*~tactically~*~*~ (hiding).
  2168 | D:3      | Found Laemuogiu's Weapon Shoppe.
  2175 | D:3      | 2175 ||| SHOPLISTING +8 whip "Snakebite" {venom, curare,
                  | rPois} (542 gold, have 152).
  2385 | D:3      | 2385 ||| Stepping ~*~*~tactically~*~*~ (stealth).
  2388 | D:3      | 2388 ||| Stepping ~*~*~tactically~*~*~ (stealth).
  2391 | D:3      | 2391 ||| Stepping ~*~*~tactically~*~*~ (stealth).
  2517 | D:3      | Found a blossoming altar of Fedhas.
  2780 | D:3      | 2780 ||| DROPPING ring of wizardry.
  2781 | D:3      | 2781 ||| READING 2 scrolls labelled QIHU ICHOI.
  2838 | D:3      | 2838 ||| READING scroll labelled EKYSEF XEWU.
  2839 | D:3      | 2839 ||| DRINKING 2 smoky cyan potions.
  2840 | D:3      | 2840 ||| DRINKING 2 puce potions.
  2841 | D:3      | 2841 ||| READING 4 scrolls of identify.
  2841 | D:3      | 2841 ||| IDENTIFYING fuming amethyst potion
  2842 | D:3      | 2842 ||| READING 3 scrolls of identify.
  2842 | D:3      | 2842 ||| IDENTIFYING cyan potion
  2843 | D:3      | 2843 ||| READING 2 scrolls of identify.
  2843 | D:3      | 2843 ||| IDENTIFYING brown potion
  2844 | D:3      | 2844 ||| DROPPING scroll of torment.
  2845 | D:3      | 2845 ||| DROPPING potion of degeneration.
  2855 | D:4      | 2855 ||| Stepping ~*~*~tactically~*~*~ (stealth).
  2858 | D:4      | Reached XP level 4. HP: 27/28 MP: 4/4
  2866 | D:4      | Noticed a necrophage
  2867 | D:4      | 2867 ||| Stepping ~*~*~tactically~*~*~ (stealth).
  2868 | D:4      | 2868 ||| Stepping ~*~*~tactically~*~*~ (stealth).
  2881 | D:4      | Killed a necrophage
  2882 | D:4      | Reached skill level 4 in Axes
  2882 | D:4      | Reached XP level 5. HP: 30/32 MP: 5/5
  2891 | D:4      | 2891 ||| Stepping ~*~*~tactically~*~*~ (stealth).
  2896 | D:4      | 2896 ||| Stepping ~*~*~tactically~*~*~ (stealth).
  2898 | D:4      | 2898 ||| Stepping ~*~*~tactically~*~*~ (stealth).
  2912 | D:4      | 2912 ||| Stepping ~*~*~tactically~*~*~ (stealth).
  2937 | D:4      | Noticed an ogre
  2948 | D:4      | HP: 8/32 [ogre/+0 giant spiked club (14)]
  2949 | D:4      | 2949 ||| DRINKING potion of heal wounds.
  2950 | D:4      | Killed an ogre
  2951 | D:4      | Reached skill level 5 in Axes
  2951 | D:4      | Reached XP level 6. HP: 33/37 MP: 6/6
  3016 | D:4      | 3016 ||| DRINKING potion of curing.
  3016 | D:4      | 3016 ||| (to cure confusion)
  3026 | D:4      | HP: 1/38 [orc priest/divine providence (13)]
  3029 | D:4      | Slain by an orc

Levels and vault maps discovered:
D:1:      minmay_arrival_cross, layout_basic, shapermc_ecumenical_altar_pompeii
D:2:      layout_loops_ring, basic_altar
D:3:      layout_loops_corners, amcnicky_altar_gilded, serial_shops, shop,
          amcnicky_mini_corridor_feature
D:4:      layout_basic

Skill      XL: |  1  2  3  4  5  6 |
---------------+-------------------+-----
Axes           | 2 3 4 5 |  5.6
Fighting       | 4 |  4.0
Armour         | |  3.2
Shields        | |  3.2

Action                   |  1- 3 |  4- 6 || total
-------------------------+-------+-------++-------
Melee: War axe           |   139 |    46 ||   185
Throw: Boomerang         |     7 |     8 ||    15
  Use: Scroll            |     9 |       ||     9
       Potion            |     2 |     2 ||     4
Armor: Scale mail        |    54 |       ||    54
       Plate armour      |    16 |    49 ||    65
Dodge: Dodged            |    61 |    14 ||    75
Block: Buckler           |    23 |     5 ||    28

Table legend:
 A = Non-vault XP
 B = Vault XP
 C = Vault XP percentage of total XP
 D = Non-vault monster count
 E = Vault monster count
 F = Vault count percentage of total count
                 A         B        C        D         E       F
            +---------+---------+-------+---------+---------+-------
      Total |     444 |       0 |   0.0 |      57 |       0 |   0.0
            +---------+---------+-------+---------+---------+-------
        D:1 |      37 |       0 |   0.0 |      23 |       0 |   0.0
        D:2 |      26 |       0 |   0.0 |      14 |       0 |   0.0
        D:3 |      18 |       0 |   0.0 |       9 |       0 |   0.0
        D:4 |     363 |       0 |   0.0 |      11 |       0 |   0.0
            +---------+---------+-------+---------+---------+-------
